Map: Purity and Industry LE

Players

prospeKt - Winner!

  • Race: Zerg Zerg
  • League: Platinum
  • Spawn Location: 12:00

VOD

Have the link to the VOD?

Description

Time

  • Played on: May 26, 2020, 4:20 a.m.
  • Length: 16:35
Show
View Real Time Build Order
Export as new Build Order

prospeKt Zerg - Winner!

Build Orders:  

Get SALT Encoding   

  12  0:02  Drone  
  13  0:18  Overlord  
  13  0:24  Drone  
  14  0:43  Drone  
  14  0:44  Drone  
  16  0:51  Drone  
  17  1:14  Hatchery  
  16  1:20  Drone  
  16  1:25  Drone  
  18  1:34  Drone  
  19  1:48  Spawning Pool  
  18  1:50  Drone  
  19  2:04  Drone  
  19  2:07  Extractor  
  19  2:28  Drone  
  20  2:38  Drone  
  21  2:51  Drone  
  19  3:00  Queen  
  22  3:01  Queen  
  22  3:02  Drone  
  22  3:09  Drone  
  28  3:13  Overlord  
  28  3:29  Overlord  
  28  3:40  Drone x2  
  28  3:42  Drone  
  31  3:55  Drone  
  32  4:02  Drone  
  32  4:07  Drone  
  34  4:12  Drone  
  34  4:19  Drone  
  36  4:28  Drone  
  37  4:35  Overlord  
  37  4:39  Roach Warren  
  36  4:43  Evolution Chamber  
  36  4:45  Drone  
  36  4:46  Drone x5  
  41  5:03  Drone x2  
  41  5:06  Drone  
  44  5:14  Hatchery  
  43  5:20  Drone  
  43  5:23  Zerg Melee Weapons Level 1  
  44  5:34  Extractor  
  44  5:38  Extractor  
  42  5:41  Roach x3  
  48  5:58  Drone x4  
  52  6:01  Overlord x2  
  52  6:31  Roach x5  
  52  6:34  Overlord  
  52  6:35  Drone x2  
  64  6:50  Drone x2  
  64  6:56  Queen  
  68  7:08  Drone x4  
  68  7:09  Drone x2  
  74  7:21  Drone x3  
  77  7:35  Overlord  
  77  7:36  Drone x4  
  77  7:39  Lair  
  81  7:43  Drone  
  81  7:49  Overlord  
  82  7:51  Extractor  
  82  7:52  Extractor  
  80  8:02  Drone x5  
  80  8:05  Overlord  
  85  8:16  Drone x5  
  90  8:31  Drone x3  
  93  8:46  Drone x2  
  93  8:47  Drone  
  96  8:53  Hydralisk Den  
  96  8:55  Hatchery, Evolution Chamber  
  93  9:03  Drone x3  
  93  9:07  Overlord x2  
  93  9:09  Drone x3  
  99  9:11  Drone  
  99  9:12  Drone x4  
  104  9:21  Extractor  
  103  9:47  Infestation Pit  
  103  9:48  Drone x2  
  104  9:50  Drone x2  
  104  9:53  Hydralisk x4  
  114  10:10  Hydralisk  
  114  10:11  Hydralisk x3  
  114  10:14  Overlord x4  
  122  10:22  Zerg Missile Weapons Level 1, Zerg Melee Weapons Level 2  
  122  10:26  Glial Reconstitution  
  122  10:49  Hydralisk  
  124  10:50  Hydralisk x14  
  152  11:23  Extractor  
  152  11:25  Extractor  
  152  11:28  Drone  
  152  11:29  Drone x4  
  155  11:30  Hydralisk x2  
  155  11:32  Overlord  
  155  11:33  Overlord x4  
  159  11:42  Hive  
  159  11:43  Hatchery  
  158  11:51  Hydralisk  
  160  12:02  Hatchery  
  160  12:03  Hatchery  
  160  12:04  Unknown  
  158  12:38  Hydralisk x8  
  158  12:39  Hydralisk x12  
  198  12:51  Hatchery  
  198  12:59  Hydralisk  
  199  13:16  Drone  
  200  13:48  Hatchery  
  199  13:55  Hatchery  
  199  13:56  Drone  
  199  13:58  Drone  
  200  14:09  Pneumatized Carapace  
  200  14:25  Tunneling Claws  
  198  15:28  Hatchery  
  197  15:32  Hatchery  
  196  15:56  Hydralisk x2  
  200  16:03  Unknown  
  200  16:14  Extractor  
  200  16:16  Extractor  
  200  16:17  Drone  
Tags
 
Add a new tag
Caveats
  • Supply blocks, unpowered buildings, or Contaminate may cause inaccurate times.
  • Supply counts are checked every 10 seconds.